 Dungeon Crawl Stone Soup version 0.31-a0-692-gf03d1854d5 (webtiles) character file.

Game seed: 16000246149271590982

36300 UrugIsMale the Markself (level 13, 0/76 HPs)
             Began as a Deep Elf Hunter on Sept 7, 2023.
             Was a High Priest of Uskayaw.
             Slain by a shadow (29 damage)
             ... in a Gauntlet.
             The game lasted 00:49:55 (15184 turns).

UrugIsMale the Markself (Deep Elf Hunter)          Turns: 15184, Time: 00:49:55

Health: 0/76       AC: 11    Str:  8      XL:     13   Next: 52%
Magic:  27/27      EV: 19    Int: 13 (16) God:    Uskayaw [*****.]
Gold:   90         SH:  0    Dex: 22      Spells: 24/28 levels left

rFire   . . .        a - +0 orcbow
rCold   + + +        (shield currently unavailable)
rNeg    . . .        A - +2 leather armour {rC+}
rPois   .            n - +0 helmet
rElec   .            (no cloak)
rCorr   .            (no gloves)
SInv    .            M - +0 pair of boots of Hedging {rC+}
Will    +....        l - amulet of regeneration
Stlth   +++++        G - +4 ring of protection
HPRegen 1.12/turn    u - ring of protection from cold
MPRegen 0.20/turn

%: no teleportation, random rage (3%)
@: studying Unarmed Combat
A: berserk 1
a: Renounce Religion, Stomp, Line Pass, Grand Finale


You were in a Gauntlet.
You worshipped Uskayaw.
Uskayaw was aware of your devotion.
You visited 3 branches of the dungeon, and saw 16 of its levels.
You also visited: Gauntlet.

You collected 942 gold pieces.
You spent 852 gold pieces at shops.

Inventory:

Hand Weapons
 a - a +0 orcbow (weapon)
 b - a +4 dagger of venom
 w - a +3 arbalest
 O - a +0 longbow
Missiles
 s - 50 poisoned darts
 E - 4 curare-tipped darts
 I - a throwing net
Armour
 n - a +0 helmet (worn)
 y - a +1 robe of cold resistance
 z - +0 acid dragon scales
 A - a +2 leather armour of cold resistance (worn)
 K - a +2 ring mail of fire resistance
 M - the +0 pair of boots of Hedging (worn) {rC+}
   (You bought it in a shop on level 11 of the Dungeon)

   rC+:       It protects you from cold.
Jewellery
 d - a ring of positive energy
 h - a +6 ring of dexterity
 k - a ring of flight
 l - an amulet of regeneration (around neck)
 u - a ring of protection from cold (right hand)
 G - a +4 ring of protection (left hand)
Wands
 i - a wand of quicksilver (1)
 v - a wand of roots (6)
 B - a wand of mindburst (8)
 D - a wand of flame (25)
 F - a wand of charming (1)
 J - a wand of polymorph (2)
Scrolls
 e - a scroll of butterflies
 f - a scroll of summoning
 j - a scroll of revelation
 o - 3 scrolls of vulnerability
 p - 2 scrolls of teleportation
 q - 2 scrolls of immolation
 r - 4 scrolls of blinking
 t - a scroll of poison
 P - 2 scrolls of fear
Potions
 c - 3 potions of attraction
 g - 2 potions of brilliance
 m - 2 potions of enlightenment
 x - a potion of lignification
 C - 2 potions of haste
 H - 2 potions of magic
 L - 2 potions of curing
 N - 5 potions of ambrosia
 Q - a potion of heal wounds
 R - a potion of might {unknown}


   Skills:
 + Level 7.5 Fighting
 - Level 4.0 Short Blades
 * Level 16.3 Ranged Weapons
 - Level 1.0 Armour
 + Level 10.7 Dodging
 + Level 11.3 Stealth
 - Level 8.0 Spellcasting
 - Level 5.0 Translocations
 - Level 5.0 Transmutations
 - Level 5.0 Earth Magic
 * Level 8.6 Invocations
 + Level 2.1 Evocations


You had 24 spell levels left.
You knew the following spells:

 Your Spells              Type           Power      Damage    Failure   Level
a - Blink                 Tloc           36%        N/A       3%          2
b - Passwall              Tmut/Erth      15%        N/A       3%          2

Your spell library contained the following spells:

 Spells                   Type           Power      Damage    Failure   Level
 Manifold Assault         Tloc           18%        N/A       24%         4
 Call Imp                 Summ           10%        N/A       28%         2
 Poisonous Vapours        Pois/Air       10%        N/A       28%         2
 Ignite Poison            Fire/Tmut/Pois 9%         N/A       30%         3
 Mephitic Cloud           Conj/Pois/Air  5%         N/A       50%         3
 Animate Dead             Necr           5%         N/A       88%         4
 Sticky Flame             Conj/Fire      5%         2d3       88%         4
 Freezing Cloud           Conj/Ice/Air   2%         6-21      99%         5
 Haunt                    Necr/Summ      2%         N/A       100%        7
 Monstrous Menagerie      Summ           2%         N/A       100%        7
 Spellforged Servitor     Conj/Summ      2%         N/A       100%        7
 Ignition                 Fire           2%         3d3       100%        8
 Infestation              Necr           2%         N/A       100%        8


Dungeon Overview and Level Annotations

Branches:
Dungeon (11/15)            Temple (1/1) D:6            Lair (4/5) D:9
 Spider (0/4) Lair:3          Orc (0/2) D:10        Gauntlet (1/1)
  Swamp: Lair:2-3    Shoals: Lair:2-3     Slime: Lair:4-5

Altars:
Ashenzari
Cheibriados
Dithmenos
Elyvilon
Fedhas
Gozag
Hepliaklqana
Kikubaaqudgha
Makhleb
Nemelex Xobeh
Okawaru
Qazlal
Ru
Sif Muna
Trog
Uskayaw
Vehumet
Wu Jian
Xom
Yredelemnul
Zin
The Shining One

Shops:
D:3 *   D:8 *   D:9 *   D:11 [

Annotations:
Lair:3 Nergalle Gauntlet 7 transporters, 2 runed translucent doors


Innate Abilities, Weirdness & Mutations

You sometimes lose your temper in combat.


Message History

Uskayaw links your audience in an emotional bond!
You shoot an arrow. The arrow hits the shadow.
The shadow is almost destroyed.
The shadow slips into darkness.
The shadow flickers and vanishes!
No reachable target in view!
You shoot an arrow. You shoot an arrow.
The shadow strikes at you from the darkness!
Reactivating autopickup.
You shoot an arrow. The arrow barely misses the shadow.
The shadow strikes at you from the darkness!
You shoot an arrow. The arrow hits the shadow.
The shadow is almost destroyed.
The shadow closely misses you. The shadow barely misses you.
You shoot an arrow. The arrow hits the shadow!
You destroy the shadow!
You shoot an arrow. The arrow barely misses the shadow.
The shadow is no longer sharing its pain.
The shadow hits you.
You shoot an arrow. The arrow hits the shadow.
The shadow is moderately damaged.
The shadow slips into darkness.
The shadow flickers and vanishes!
Deactivating autopickup; reactivate with Ctrl-A.
No reachable target in view!
You shoot an arrow.
The shadow strikes at you from the darkness!
Reactivating autopickup.
You shoot an arrow. The arrow hits the shadow.
The shadow is moderately damaged.
You shoot an arrow. The arrow hits the shadow.
The shadow is heavily damaged.
The shadow slips into darkness.
The shadow flickers and vanishes!
Deactivating autopickup; reactivate with Ctrl-A.
You can now merge with and destroy a victim.
You shoot an arrow.
The shadow strikes at you from the darkness!
You die...

### ### ### ### ### ### ### ###
#≈###≈###≈###≈###≈###≈###≈###≈###
≈≈≈#≈≈≈#≈≈≈#≈≈≈#≈≈≈#≈≈≈#≈≈≈#≈≈≈#≈
.................................
######...#########...#########...
#.#.##.8.#.....###.8.#..G.uu.#...
.#.#.#...#W##.####...#u#+###.#...
#©#.######W##..{.#####u#..≈#=#...
.#^#©#©.©#W#.©.#@#©.©#G#.©≈#©#...
#.#.##...#....##.#...#.#..≈#.#...
.#.#Z#...####.##.#...#.#+###?#...
#.#.##8©8###.....#8©8#.......#...
##############################...
.................................
8∩8..8⌠8...#≈≈≈#≈≈≈#≈≈≈#≈≈≈#≈≈≈#≈
..........###≈###≈###≈###≈###≈###
########### ### ### ### ### ###


You could see a great orb of eyes and 2 ugly things.

Vanquished Creatures
  Josephine (Lair:3)
  Fannar (Lair:2)
  A catoblepas (Lair:2)
  A boulder beetle (Lair:4)
  12 death yaks
  2 skysharks
  A manticore (D:11)
  3 elephants (Lair:3)
  A black mamba (Lair:2)
  3 merfolk sirens (Lair:3)
  8 cane toads
  2 rime drakes
  8 komodo dragons
  A queen bee (Lair:1)
  A polar bear (Lair:4)
  A wolf spider simulacrum (Gauntlet)
  4 dream sheep (Lair:3)
  Sigmund (D:5)
  3 culicivoras (Lair:3)
  2 wyverns
  6 shadows
  6 wraiths
  A vampire (D:9)
  3 basilisks
  38 yaks
  Eustachio (D:4)
  A neqoxec (Gauntlet)
  4 vampire mosquitoes (D:11)
  2 chaos spawn (Gauntlet)
  2 acid dragons
  6 water moccasins
  Duvessa (D:5)
  A sky beast (D:8)
  3 ice beasts
  An orc warrior (D:9)
  The ghost of ouz the Slasher, an amateur DrGl (D:3)
  2 black bears
  14 centaurs
  5 wolves (Lair:2)
  3 phantoms
  4 kobold brigands
  A gnoll sergeant (D:8)
  3 small abominations (Gauntlet)
  6 bullfrogs
  3 scorpions
  16 wights
  Dowan (D:5)
  18 killer bees
  3 troll zombies (D:10)
  8 electric eels (D:11)
  2 howler monkeys (D:8)
  3 jellies
  5 hounds
  A gnoll bouda (D:5)
  An orc priest (D:3)
  Jessica (D:2)
  2 iguanas
  3 orc wizards
  Natasha (thrice) (D:2)
  5 ogre zombies (D:10)
  4 gnolls (D:8)
  8 adders
  4 shadow imps (D:3)
  2 white imps
  An ufetubus (D:5)
  2 worms
  2 dart slugs
  14 orcs
  5 endoplasms
  3 giant cockroaches
  6 goblins
  6 hobgoblins
  4 jackals (D:3)
  26 kobolds
  3 quokkas
  9 ball pythons
  5 bats
  3 goblin skeletons (D:10)
  A goblin zombie (D:10)
  3 hobgoblin zombies (D:10)
  3 orc skeletons (D:10)
  15 orc zombies (D:10)
  4 rats
380 creatures vanquished.

Vanquished Creatures (collateral kills)
  A boggart simulacrum (Gauntlet)
1 creature vanquished.

Vanquished Creatures (others)
  A centaur simulacrum (Gauntlet)
  A meliai simulacrum (Gauntlet)
2 creatures vanquished.

Grand Total: 383 creatures vanquished

Notes
Turn   | Place    | Note
-------+----------+-------------------------------------------
     0 | D:1      | UrugIsMale the Deep Elf Hunter began the quest for the Orb.
     0 | D:1      | Reached XP level 1. HP: 12/12 MP: 3/3
   229 | D:1      | Reached XP level 2. HP: 17/17 MP: 4/4
  1018 | D:2      | Reached XP level 3. HP: 19/21 MP: 5/5
  1088 | D:2      | Noticed Natasha
  1093 | D:2      | Killed Natasha
  1094 | D:2      | Reached skill level 6 in Ranged Weapons
  1130 | D:2      | Noticed Jessica
  1137 | D:2      | Killed Jessica
  1138 | D:2      | Reached XP level 4. HP: 23/26 MP: 6/6
  1551 | D:2      | Noticed Natasha
  1554 | D:2      | Killed Natasha
  1741 | D:2      | Noticed Natasha
  1755 | D:2      | Killed Natasha
  1756 | D:2      | Reached XP level 5. HP: 21/31 MP: 7/7
  1823 | D:3      | Found Lisuec's Assorted Antiques.
  1844 | D:3      | Found a runed translucent gate.
  1848 | D:3      | Bought a scroll labelled WINOUJ PUPUNT for 23 gold pieces
  1848 | D:3      | Bought a scroll labelled TALICZO MOSOULL for 23 gold pieces
  1848 | D:3      | Bought a scroll labelled BEZ WUPTOMPARGH for 23 gold pieces
  1848 | D:3      | Bought a scroll labelled TUDES ACWISUTS for 23 gold pieces
  1848 | D:3      | Found a runed translucent gate.
  1848 | D:3      | Noticed ouz's ghost (amateur DrGl)
  1849 | D:3      | Found a runed translucent gate.
  1882 | D:3      | Found a transporter.
  1897 | D:3      | Found a transporter.
  2027 | D:3      | Reached skill level 7 in Ranged Weapons
  2211 | D:3      | Found a shimmering blue altar of Sif Muna.
  2984 | D:4      | Reached XP level 6. HP: 36/36 MP: 8/8
  3118 | D:5      | Entered Level 5 of the Dungeon
  3151 | D:5      | Noticed Sigmund
  3471 | D:5      | Reached skill level 8 in Ranged Weapons
  3556 | D:5      | Killed Sigmund
  3557 | D:5      | Reached XP level 7. HP: 41/41 MP: 9/9
  3663 | D:5      | Noticed Eustachio
  3746 | D:4      | Reached skill level 5 in Dodging
  3965 | D:5      | Noticed Dowan
  4123 | D:4      | Killed Eustachio
  4124 | D:4      | Reached skill level 9 in Ranged Weapons
  4124 | D:4      | Reached skill level 5 in Stealth
  4256 | D:5      | Reached XP level 8. HP: 48/48 MP: 10/10
  4599 | D:3      | Bought a runed arbalest for 172 gold pieces
  4870 | D:6      | Reached skill level 10 in Ranged Weapons
  4876 | D:6      | Found a shimmering altar of Xom.
  5042 | D:6      | Found a staircase to the Ecumenical Temple.
  5052 | Temple   | Entered the Ecumenical Temple
  5666 | D:7      | Reached skill level 11 in Ranged Weapons
  5666 | D:7      | Reached XP level 9. HP: 43/52 MP: 11/11
  5699 | D:7      | Learned a level 2 spell: Blink
  6545 | D:7      | Reached skill level 1 in Spellcasting
  6545 | D:7      | Reached skill level 1 in Translocations
  6936 | D:8      | Reached skill level 5 in Fighting
  7038 | D:8      | Reached skill level 12 in Ranged Weapons
  7104 | D:8      | Found Reobiby's Elemental Accessories.
  7376 | D:9      | Reached XP level 10. HP: 57/59 MP: 17/17
  7622 | D:9      | Reached skill level 13 in Ranged Weapons
  7626 | D:9      | Found an opulent altar of Gozag.
  7626 | D:9      | Found an ancient bone altar of Kikubaaqudgha.
  7626 | D:9      | Found a shadowy altar of Dithmenos.
  7626 | D:9      | Found a burning altar of Makhleb.
  7627 | D:9      | Found a broken altar of Ashenzari.
  7627 | D:9      | Found a hide-covered altar of Uskayaw.
  7629 | D:9      | Found a basalt altar of Yredelemnul.
  7629 | D:9      | Found a stormy altar of Qazlal.
  7629 | D:9      | Found a snail-covered altar of Cheibriados.
  7635 | D:9      | Became a worshipper of Uskayaw the Reveller
  7639 | D:9      | Found Minee's Assorted Antiques.
  7653 | D:9      | Reached * piety under Uskayaw
  7664 | D:9      | Reached ** piety under Uskayaw
  7692 | D:9      | Identified the +1 chain mail of the Stag {rPois MP+9 Str+2}
  7738 | D:9      | Found a staircase to the Lair.
  7829 | D:9      | Reached skill level 1 in Invocations
  7834 | D:9      | Reached *** piety under Uskayaw
  7843 | D:9      | Reached **** piety under Uskayaw
  8075 | D:9      | Got Wigou's Volume of Unified Transfiguration
  8080 | D:9      | Learned a level 2 spell: Passwall
  8086 | D:10     | Entered Level 10 of the Dungeon
  8099 | D:10     | Reached skill level 5 in Spellcasting
  8156 | D:10     | Reached ***** piety under Uskayaw
  8190 | D:10     | Found a staircase to the Orcish Mines.
  8214 | D:10     | Reached skill level 1 in Earth Magic
  8330 | D:10     | Found an iron altar of Okawaru.
  8331 | D:10     | Found a glowing silver altar of Zin.
  8344 | D:10     | Reached skill level 1 in Short Blades
  8355 | D:10     | Reached skill level 1 in Transmutations
  8868 | D:10     | Reached XP level 11. HP: 42/64 MP: 21/21
  9067 | D:3      | Killed ouz's ghost
  9193 | D:5      | Noticed Duvessa
  9223 | D:5      | Killed Dowan
  9225 | D:5      | Killed Duvessa
  9435 | D:11     | Found Erusiten's Antique Armour Emporium.
  9441 | D:11     | Bought a warped helmet for 294 gold pieces
  9441 | D:11     | Identified the +0 helmet "Zepirupn" {*Slow Str+6} (You
                  | bought it in a shop on level 11 of the Dungeon)
  9634 | D:11     | Identified the +2 long sword of Gin and Tonic {vamp,
                  | Fragile rPois rN++ Dex+3}
 10019 | D:11     | Reached ****** piety under Uskayaw
 10310 | D:11     | Bought a pair of heavily runed boots for 294 gold pieces
 10310 | D:11     | Identified the +0 pair of boots of Hedging {rC+} (You
                  | bought it in a shop on level 11 of the Dungeon)
 10368 | Lair:1   | Entered Level 1 of the Lair of Beasts
 10533 | Lair:1   | Reached skill level 14 in Ranged Weapons
 10533 | Lair:1   | Reached skill level 5 in Translocations
 11044 | Lair:1   | Reached skill level 5 in Invocations
 11395 | Lair:2   | Noticed a death yak
 11395 | Lair:2   | Noticed a death yak
 11397 | Lair:2   | Noticed a death yak
 11398 | Lair:2   | Noticed a death yak
 11399 | Lair:2   | Noticed a death yak
 11400 | Lair:2   | Noticed a death yak
 11598 | Lair:2   | Noticed a death yak
 11599 | Lair:2   | Noticed a death yak
 11599 | Lair:2   | Noticed a death yak
 11678 | Lair:1   | Killed a death yak
 11679 | Lair:1   | Reached XP level 12. HP: 43/71 MP: 22/24
 11708 | Lair:2   | Noticed a death yak
 11710 | Lair:2   | Noticed a death yak
 11747 | Lair:1   | Killed a death yak
 11942 | Lair:1   | Killed a death yak
 12015 | Lair:2   | Reached skill level 10 in Stealth
 12037 | Lair:2   | Killed a death yak
 12059 | Lair:1   | Killed a death yak
 12083 | Lair:2   | Noticed a death yak
 12114 | Lair:1   | Killed a death yak
 12181 | Lair:1   | Killed a death yak
 12471 | D:9      | Killed a death yak
 12571 | Lair:1   | Killed a death yak
 12572 | Lair:1   | Reached skill level 15 in Ranged Weapons
 12656 | Lair:1   | Killed a death yak
 12704 | Lair:2   | Killed a death yak
 12852 | Lair:1   | Killed a death yak
 12933 | Lair:2   | Reached skill level 10 in Dodging
 13032 | Lair:2   | Noticed Fannar
 13043 | Lair:2   | Killed Fannar
 13306 | Lair:2   | Reached skill level 5 in Earth Magic
 13321 | Lair:2   | Identified the +5 war axe "Giant's Doom" {freeze, rF++ rC+
                  | Str+3}
 13553 | Lair:3   | Noticed Nergalle
 13611 | Lair:3   | Noticed a catoblepas
 13650 | Lair:2   | Killed a catoblepas
 13651 | Lair:2   | Reached skill level 5 in Transmutations
 13704 | Lair:3   | Reached XP level 13. HP: 76/76 MP: 25/27
 13910 | Lair:3   | Reached skill level 1 in Armour
 13920 | Lair:3   | Found a hole to the Spider Nest.
 14371 | Lair:3   | Noticed Josephine
 14407 | Lair:3   | Killed Josephine
 14458 | Lair:3   | Reached skill level 1 in Evocations
 14469 | Lair:3   | Reached skill level 16 in Ranged Weapons
 14495 | Lair:3   | You fall into a shaft and drop 1 floor!
 14495 | Lair:4   | Found a gate leading to a gauntlet.
 14713 | Gauntlet | Entered a Gauntlet
 14713 | Gauntlet | Found a transporter.
 14723 | Gauntlet | Found a transporter.
 14725 | Gauntlet | Found a transporter.
 14726 | Gauntlet | Found a transporter.
 14737 | Gauntlet | Found a transporter.
 14737 | Gauntlet | Found a transporter.
 14738 | Gauntlet | Found a transporter.
 14747 | Gauntlet | Found a transporter.
 14750 | Gauntlet | Found a transporter.
 14751 | Gauntlet | Found a transporter.
 14763 | Gauntlet | Found a transporter.
 14764 | Gauntlet | Found a transporter.
 14765 | Gauntlet | Found a transporter.
 14768 | Gauntlet | Found a runed translucent door.
 14768 | Gauntlet | Found a runed translucent door.
 14772 | Gauntlet | Found a transporter.
 15033 | Gauntlet | Gained mutation: You sometimes lose your temper in combat.
                  | [a neqoxec]
 15121 | Gauntlet | Identified the +0 pair of boots "Vikluosk" {+Blink}
 15184 | Gauntlet | Slain by a shadow

Illustrated notes

Levels and vault maps discovered:
D:1:      erik_arrival_orb_chamber, layout_basic, serial_bayou_lagoon_a
D:2:      minmay_alternating_diamond, layout_loops_corners, minmay_statues_item,
          uniq_jessica, uniq_natasha
D:3:      gammafunk_wand_slinger, layout_rooms, mainiacjoe_overflow_alcove_2,
          serial_shops, nicolae_shop_overgrown_old_shop,
          gammafunk_ghost_nasty_kobolds, minmay_misc_feat_roman,
          dreamdust_wishing_well
D:4:      layout_gridville, kennysheep_generic_room_2
D:5:      layout_rooms, kennysheep_potato, uniq_sigmund, uniq_duvessa,
          uniq_eustachio
D:6:      layout_basic, minmay_temple_entry_mini_moons, kennysheep_diamond
D:7:      layout_cave_pods
D:8:      layout_basic, grunt_ministairs_15, nicolae_elemental_shop
D:9:      layout_irregular_city, nicolae_overflows_in_rows,
          grunt_lair_entry_orc_guard_hut, serial_shops, shop
D:10:     layout_irregular_city, nicolae_overflow_hidden_temple,
          zombieorc2_lemuel
D:11:     layout_basic, serial_shops, shop, minmay_misc_feat_alley
Temple:   dpeg_chambers_temple
Lair:1:   layout_gridlike, special_room [special_room_bee], lemuel_fruit_tree
Lair:2:   layout_hall_layers, serial_bayou_shore_a, uniq_fannar
Lair:3:   layout_regular_city, elwin_shoals_entry_stream,
          hellmonk_spider_entry_life_and_decay, chequers_serial_rivers_micro_d,
          uniq_nergalle, uniq_josephine
Lair:4:   layout_hall_layers, gauntlet_entry_generic,
          grunt_forest_stairs_clearing, grunt_megastairs_3
Gauntlet: gammafunk_gauntlet_77_escape_option [minmay_gauntlet_arena_77_mess,
          minmay_gauntlet_arena_77_box, minmay_gauntlet_arena_77_checkered,
          minmay_gauntlet_arena_77_p_blocks,
          minmay_gauntlet_arena_77_shame_cube, gauntlet_exit_hidden_loot]

Skill      XL: |  1  2  3  4  5  6  7  8  9 10 11 12 13 |
---------------+----------------------------------------+-----
Stealth        | 2 3 4 5 6 8 9 10 11 | 11.3
Fighting       | 2 3 4 5 6 7 |  7.5
Ranged Weapons | 6 7 8 9 11 12 13 14 15 16 | 16.3
Dodging        | 3 4 5 6 7 8 9 10 | 10.7
Spellcasting   | 3 5 6 8 |  8.0
Translocations | 3 4 5 |  5.0
Invocations    | 2 5 7 8 |  8.6
Earth Magic    | 1 3 5 |  5.0
Short Blades   | 1 3 4 |  4.0
Transmutations | 1 3 5 |  5.0
Armour         | 1 |  1.0
Evocations     | 2 |  2.1

Action                     |  1- 3 |  4- 6 |  7- 9 | 10-12 | 13-15 || total
---------------------------+-------+-------+-------+-------+-------++-------
  Melee: Dagger            |       |       |     2 |       |     7 ||     9
         Short sword       |       |       |       |    66 |    19 ||    85
         Orcbow            |       |       |       |     1 |       ||     1
         Punch             |       |       |       |       |     1 ||     1
   Fire: Shortbow          |    63 |   207 |   219 |       |       ||   489
         Arbalest          |       |       |    16 |       |       ||    16
         Orcbow            |       |       |   105 |   968 |   313 ||  1386
   Cast: Blink             |       |       |       |    30 |     3 ||    33
 Invoke: Stomp             |       |       |       |     3 |     1 ||     4
         Line Pass         |       |       |       |     1 |       ||     1
  Evoke: Wand              |       |       |     2 |     2 |     7 ||    11
    Use: Scroll            |       |     5 |    12 |     4 |     3 ||    24
         Potion            |       |       |       |     1 |     1 ||     2
   Stab: Sleeping          |       |       |     2 |     1 |       ||     3
         Paralysed         |       |       |       |     6 |       ||     6
 Armour: Leather armour    |     8 |       |    43 |   251 |    74 ||   376
         Robe              |     6 |    56 |    10 |       |       ||    72
  Dodge: Dodged            |    11 |    94 |   139 |   426 |   117 ||   787

Table legend: (Time is in decaauts)
 A = Elapsed time spent in this place.
 B = Non-inter-level travel time spent in this place.
 C = Inter-level travel time spent in this place.
 D = Time resting spent in this place.
 E = Time spent auto-exploring this place.
 F = Levels seen in this place.
 G = Mean time per level.
                   A        B        C        D        E       F      G
               +--------+--------+--------+--------+--------+-----+--------+
         Total |  14997 |  13804 |   1193 |   1985 |   7477 |  17 |  882.2 |
       Dungeon |  10426 |   9445 |    981 |   1187 |   6058 |  11 |  947.8 |
        Temple |      1 |      1 |      0 |      0 |      0 |   1 |    1.0 |
          Lair |   4119 |   3908 |    211 |    740 |   1299 |   4 | 1029.8 |
      Gauntlet |    450 |    450 |      0 |     56 |    120 |   1 |  450.0 |
               +--------+--------+--------+--------+--------+-----+--------+

Top non-repeatable levels by time:
  Lair:1: 1945 daAuts
     D:5: 1175 daAuts
     D:2: 1146 daAuts
  Lair:2: 1141 daAuts
     D:4: 1076 daAuts
     D:7: 1024 daAuts
     D:6: 962 daAuts
    D:11: 943 daAuts
     D:9: 935 daAuts
    D:10: 909 daAuts
  Lair:3: 871 daAuts
     D:3: 847 daAuts
     D:1: 708 daAuts
     D:8: 696 daAuts
Gauntlet: 450 daAuts
